Description

TvZ

Replay - TvZ Ghost opener into macro

Build Order

Get SALT Encoding   

  12  0:01  SCV  
  13  0:13  SCV  
  14  0:23  Supply Depot  
  14  0:25  SCV  
  15  0:30  Refinery  
  15  0:45  SCV  
  15  0:47  Barracks  
  16  0:52  Refinery  
  16  0:57  SCV  
  17  1:09  SCV  
  18  1:21  SCV  
  19  1:33  SCV  
  19  1:35  Ghost Academy  
  19  1:37  Barracks Tech Lab  
  20  1:50  Orbital Command, Supply Depot  
  20  2:03  Ghost  
  22  2:18  Factory  
  22  2:26  SCV  
  23  2:33  Barracks Tech Lab  
  23  2:41  Bunker  
  23  2:43  SCV  
  24  2:50  Supply Depot  
  24  2:52  Ghost  
  26  3:01  Factory Tech Lab  
  27  3:26  Siege Tank  
  30  3:27  Command Center  
  30  3:37  Starport  
  31  3:47  Ghost  
  33  4:01  Siege Tank  
  36  4:15  Supply Depot  
  37  4:19  Medivac  
  39  4:41  Orbital Command  
  39  4:43  Supply Depot  
  39  4:44  Ghost  
  43  5:05  Refinery x2  
  47  5:21  Siege Tank  
  51  5:34  Command Center  
  53  6:17  Siege Tank  
  51  6:36  Command Center  
  51  6:37  Factory x4  
  51  6:43  Factory  
  53  6:48  Orbital Command  
  58  7:15  Armory x2  
  58  7:16  Starport Reactor  
  58  7:21  Factory Tech Lab x4  
  60  7:23  Factory Reactor  
  62  7:36  Siege Tank  
  66  7:42  Refinery x2  
  68  7:48  Orbital Command  
  68  7:50  Cloaking Field  
  69  7:53  Hellion x4  
  79  8:04  Terran Vehicle Weapons Level 1, Terran Vehicle And Ship Armor Level 1  
  81  8:12  Hellion x3  
  89  8:14  Viking x2  
  93  8:22  Hellion x2  
  99  8:39  Orbital Command  
  99  8:55  Refinery x2  
  100  9:05  Orbital Command  
  100  9:13  Hellion, Siege Tank  
  108  9:35  Viking x2, Siege Tank x4  
  135  9:51  Smart Servos  
Spawning Tool Build Advisor. Get it on Overwolf

Go to:

Details

  • Created by: Terradin
  • Published on: Oct 01, 2018
  • Modified on: Oct 01, 2018
  • Patch: 4.0.0
Show
View Real Time Build Order
Export as new Build Order

Comments (0)

There are no comments. Be the first!

Create an account to comment!